 Dungeon Crawl Stone Soup version 0.31-a0-986-g5e6e4ef867 (webtiles) character file.

Game seed: 14549754143547401013

926 serber55 the Covert (level 8, 0/67 HPs)
             Began as a Gnoll Delver on Nov 20, 2023.
             Was an Initiate of Gozag.
             Slain by an orc warrior
             ... wielding a +0 mace
              (7 damage)
             ... on level 6 of the Dungeon.
             The game lasted 00:13:58 (6221 turns).

serber55 the Covert (Gnoll Delver)                  Turns: 6221, Time: 00:13:59

Health: 0/67       AC:  6    Str: 14    XL:     8   Next: 10%
Magic:  12/12      EV: 14    Int:  9    God:    Gozag
Gold:   448        SH:  0    Dex: 14    Spells: 13/13 levels left

rFire   . . .        a - +0 hand axe
rCold   . . .        (no shield)
rNeg    . . .        b - +0 leather armour
rPois   .            s - +1 helmet
rElec   .            (no cloak)
rCorr   .            m - +0 pair of gloves
SInv    .            (no boots)
Will    .....        (no amulet)
Stlth   ++           (no ring)
HPRegen 0.31/turn    (no ring)
MPRegen 0.13/turn

%: no passive effects
@: confused, ambrosia-drunk
A: fangs 1, strong nose, distributed training
a: Renounce Religion, Potion Petition, Call Merchant, Bribe Branch


You were on level 6 of the Dungeon.
You worshipped Gozag.
Gozag was aware of your devotion.
You visited 1 branch of the dungeon, and saw 6 of its levels.

You collected 607 gold pieces.
You paid 159 gold pieces to Gozag.

Inventory:

Hand Weapons
 a - a +0 hand axe (weapon)
Missiles
 h - 8 poisoned darts (quivered)
Armour
 b - a +0 leather armour (worn)
 m - a +0 pair of gloves (worn)
 s - a +1 helmet (worn)
Wands
 g - a wand of digging (3)
 i - a wand of charming (7)
 k - a wand of polymorph (8)
Scrolls
 c - 4 scrolls of fog
 d - 3 scrolls of revelation
 e - 2 scrolls of fear
 j - a scroll of enchant weapon
 n - a scroll of enchant armour {unknown}
 o - 3 scrolls of teleportation {unknown}
 q - 2 scrolls of blinking {unknown}
 r - a scroll of immolation {unknown}
Potions
 f - a potion of haste
 l - 2 potions of enlightenment
 t - a potion of ambrosia


   Skills:
 + Level 7.2 Fighting
 + Level 3.0 Short Blades
 + Level 3.0 Long Blades
 + Level 5.5 Axes
 + Level 3.0 Maces & Flails
 + Level 3.0 Polearms
 + Level 3.0 Staves
 + Level 3.0 Ranged Weapons
 + Level 3.0 Throwing
 + Level 3.0 Armour
 + Level 5.5 Dodging
 + Level 10.1 Stealth
 + Level 3.0 Shields
 + Level 3.0 Unarmed Combat
 + Level 3.0 Spellcasting
 + Level 2.4 Conjurations
 + Level 2.4 Hexes
 + Level 2.4 Summonings
 + Level 2.4 Necromancy
 + Level 2.4 Translocations
 + Level 2.4 Transmutations
 + Level 2.4 Fire Magic
 + Level 2.4 Ice Magic
 + Level 2.4 Air Magic
 + Level 2.4 Earth Magic
 + Level 2.4 Poison Magic
 + Level 3.3 Invocations
 + Level 3.0 Evocations
 + Level 2.7 Shapeshifting


You had 13 spell levels left.
You didn't know any spells.
Your spell library was empty.

Dungeon Overview and Level Annotations

Branches:
Dungeon (6/15)
 Temple: D:4-7

Altars:
Ashenzari
Gozag
Kikubaaqudgha
Trog


Innate Abilities, Weirdness & Mutations

You have very sharp teeth.
Your uncanny sense of smell can sniff out nearby items.
Your experience applies equally to all skills.


Message History

The orc warrior hits you with a +0 mace.
The orc hits you from afar with a +0 trident.
You closely miss the orc warrior.
The orc warrior is lightly wounded.
The orc warrior barely misses you. The orc barely misses you.
You barely miss the orc warrior.
You bite the orc warrior, but do no damage.
The orc warrior is lightly wounded.
The orc warrior closely misses you.
The orc hits you from afar with a +0 trident.
You hit the orc warrior.
The orc warrior is heavily wounded.
The orc warrior hits you with a +0 mace!
The orc hits you from afar with a +0 trident.
You hit the orc warrior but do no damage.
The orc warrior is heavily wounded.
The orc warrior closely misses you. The orc barely misses you.
You closely miss the orc warrior.
The orc warrior is heavily wounded.
The orc warrior barely misses you. The orc barely misses you.
The orc warrior closely misses you.
You hit the orc warrior but do no damage.
Your bite misses the orc warrior.
The orc warrior is heavily wounded.
The orc closely misses you.
The orc warrior hits you with a +0 mace!
* * * LOW HITPOINT WARNING * * *
You hit the orc warrior but do no damage.
The orc warrior is heavily wounded.
The orc hits you but does no damage.
The orc warrior hits you with a +0 mace.
* * * LOW HITPOINT WARNING * * *
The orc warrior attacks as it pursues you!
The orc warrior hits you with a +0 mace!
* * * LOW HITPOINT WARNING * * *
You are confused.
You feel invigorated.
The orc warrior hits you with a +0 mace!
You die...
Your body crumbles into a pile of gold.

.###..## #...# *##.#* *,,*
...>.## ##...## ##(..,* *,,*
......#####..<..####...,,****,**
....)..##..####..##...*o,,* *,,*
...####..### #...#.$#**,,***,,**
...# #### ##..#o.# **,,,,,,**
#..# #..#o.# **,,,**** ##.#*
#.##..# ***** * ##.** #@o#..# *
**,** #..o.## ** **,** ##..##
**, **,** #### *,* **,* *** ***


You could see an orc warrior and an orc.

Vanquished Creatures
  The ghost of osoart the Conjurer, an amateur OpCj of Yredelemnul (D:3)
  A water moccasin (D:6)
  An ogre (D:5)
  A centaur (D:6)
  A scorpion (D:5)
  3 hounds (D:5)
  4 orc priests (D:5)
  An iguana (D:5)
  Ijyb (D:4)
  A sleepcap (D:4)
  An orc wizard (D:5)
  An adder (D:2)
  A shadow imp (D:5)
  A white imp (D:5)
  2 worms
  3 dart slugs
  16 orcs
  8 ball pythons
  3 bats
  3 bat zombies (D:5)
  6 endoplasms
  5 giant cockroaches
  11 hobgoblins
  13 jackals
  A quokka (D:2)
  A frilled lizard (D:1)
  6 goblins
  5 kobolds
  3 rats
  A rat zombie (D:5)
106 creatures vanquished.

Vanquished Creatures (others)
  An orc wizard (D:5)
1 creature vanquished.

Grand Total: 107 creatures vanquished

Notes
Turn   | Place    | Note
-------+----------+-------------------------------------------
     0 | D:5      | Reached skill level 9 in Stealth
     0 | D:5      | serber55 the Gnoll Delver began the quest for the Orb.
     0 | D:5      | Reached XP level 1. HP: 23/23 MP: 1/1
    18 | D:5      | Noticed an ogre
    28 | D:5      | Noticed an orc priest
   102 | D:5      | Noticed an orc wizard
   102 | D:5      | Noticed a hound
   157 | D:5      | Noticed a hound
   230 | D:5      | Reached XP level 2. HP: 12/29 MP: 2/2
   357 | D:5      | Found a broken altar of Ashenzari.
   412 | D:5      | Noticed an ogre
   415 | D:5      | Noticed a scorpion
   460 | D:5      | Reached skill level 1 in Invocations
   460 | D:5      | Reached XP level 3. HP: 9/35 MP: 2/4
   703 | D:4      | Reached skill level 1 in Short Blades
   703 | D:4      | Reached skill level 1 in Long Blades
   703 | D:4      | Reached skill level 1 in Maces & Flails
   703 | D:4      | Reached skill level 1 in Polearms
   703 | D:4      | Reached skill level 1 in Staves
   703 | D:4      | Reached skill level 1 in Ranged Weapons
   703 | D:4      | Reached skill level 1 in Throwing
   703 | D:4      | Reached skill level 1 in Armour
   703 | D:4      | Reached skill level 1 in Shields
   703 | D:4      | Reached skill level 1 in Unarmed Combat
   703 | D:4      | Reached skill level 1 in Spellcasting
   703 | D:4      | Reached skill level 1 in Evocations
   858 | D:2      | Reached skill level 1 in Shapeshifting
   858 | D:2      | Reached XP level 4. HP: 38/41 MP: 5/5
  1275 | D:2      | Reached skill level 1 in Conjurations
  1275 | D:2      | Reached skill level 1 in Hexes
  1275 | D:2      | Reached skill level 1 in Summonings
  1275 | D:2      | Reached skill level 1 in Necromancy
  1275 | D:2      | Reached skill level 1 in Translocations
  1275 | D:2      | Reached skill level 1 in Transmutations
  1275 | D:2      | Reached skill level 1 in Fire Magic
  1275 | D:2      | Reached skill level 1 in Ice Magic
  1275 | D:2      | Reached skill level 1 in Air Magic
  1275 | D:2      | Reached skill level 1 in Earth Magic
  1275 | D:2      | Reached skill level 1 in Poison Magic
  1670 | D:1      | Reached XP level 5. HP: 40/47 MP: 6/6
  2338 | D:3      | Found a bloodstained altar of Trog.
  2494 | D:3      | Found a runed translucent door.
  2496 | D:3      | Noticed osoart's ghost (amateur OpCj)
  3442 | D:3      | Killed osoart's ghost
  3443 | D:3      | Reached XP level 6. HP: 25/53 MP: 8/8
  3818 | D:4      | Noticed Ijyb
  3823 | D:4      | Killed Ijyb
  3824 | D:4      | Reached skill level 5 in Axes
  3824 | D:4      | Reached skill level 5 in Dodging
  3918 | D:4      | Found an opulent altar of Gozag.
  3941 | D:4      | Became a worshipper of Gozag Ym Sagoz the Greedy
  4551 | D:5      | Reached XP level 7. HP: 49/59 MP: 10/10
  5339 | D:5      | Found an ancient bone altar of Kikubaaqudgha.
  5635 | D:5      | Reached skill level 10 in Stealth
  5858 | D:6      | HP: 3/60 [poisoned by a water moccasin]
  5859 | D:6      | Reached XP level 8. HP: 3/67 MP: 12/12
  6221 | D:6      | Slain by an orc warrior

Illustrated notes

Levels and vault maps discovered:
D:1:      eino_arrival_water_cross, layout_basic
D:2:      layout_basic, minmay_tall_x
D:3:      layout_loops_corners, amcnicky_altar_gilded, gammafunk_ghost_grave,
          chequers_serial_rivers_micro_a, amcnicky_mini_rare_corridor_liquid
D:4:      layout_basic, nicolae_gozag_seed_capital, uniq_ijyb
D:5:      layout_loops_ring, lemuel_zombie_altar_kikubaaqudgha,
          kennysheep_little_box, grunt_decor_cap
D:6:      layout_layer_cave, mainiacjoe_ossuary_entry_dusty_tomb

Skill      XL: |  1  2  3  4  5  6  7 |
---------------+----------------------+-----
Stealth        | 10 | 10.1
Invocations    | 1 2 3 |  3.3
Short Blades   | 1 2 3 |  3.0
Long Blades    | 1 2 3 |  3.0
Maces & Flails | 1 2 3 |  3.0
Polearms       | 1 2 3 |  3.0
Staves         | 1 2 3 |  3.0
Ranged Weapons | 1 2 3 |  3.0
Throwing       | 1 2 3 |  3.0
Armour         | 1 2 3 |  3.0
Shields        | 1 2 3 |  3.0
Unarmed Combat | 1 2 3 |  3.0
Spellcasting   | 1 2 3 |  3.0
Evocations     | 1 2 3 |  3.0
Shapeshifting  | 1 2 |  2.7
Conjurations   | 1 2 |  2.4
Hexes          | 1 2 |  2.4
Summonings     | 1 2 |  2.4
Necromancy     | 1 2 |  2.4
Translocations | 1 2 |  2.4
Transmutations | 1 2 |  2.4
Fire Magic     | 1 2 |  2.4
Ice Magic      | 1 2 |  2.4
Air Magic      | 1 2 |  2.4
Earth Magic    | 1 2 |  2.4
Poison Magic   | 1 2 |  2.4
Axes           | 5 |  5.5
Dodging        | 5 |  5.5
Fighting       | 7 |  7.2

Action                     |  1- 3 |  4- 6 |  7- 9 || total
---------------------------+-------+-------+-------++-------
  Melee: Hand axe          |    46 |   240 |   168 ||   454
         Bite              |     6 |    20 |    21 ||    47
         Punch             |     1 |     5 |     4 ||    10
  Throw: Dart              |       |       |     4 ||     4
  Evoke: Wand              |       |     3 |       ||     3
    Use: Scroll            |       |     4 |     2 ||     6
         Potion            |       |     1 |     4 ||     5
   Stab: Sleeping          |     3 |    20 |     2 ||    25
 Armour: Leather armour    |    23 |   107 |   118 ||   248
  Dodge: Dodged            |    29 |   143 |   116 ||   288

Table legend: (Time is in decaauts)
 A = Elapsed time spent in this place.
 B = Non-inter-level travel time spent in this place.
 C = Inter-level travel time spent in this place.
 D = Time resting spent in this place.
 E = Time spent auto-exploring this place.
 F = Levels seen in this place.
 G = Mean time per level.
                   A        B        C        D        E       F      G
               +--------+--------+--------+--------+--------+-----+--------+
         Total |   6229 |   6001 |    228 |   1108 |   3468 |   6 | 1038.2 |
       Dungeon |   6229 |   6001 |    228 |   1108 |   3468 |   6 | 1038.2 |
               +--------+--------+--------+--------+--------+-----+--------+

Top non-repeatable levels by time:
     D:5: 1793 daAuts
     D:3: 1237 daAuts
     D:4: 1228 daAuts
     D:2: 783 daAuts
     D:1: 758 daAuts
     D:6: 427 daAuts
